AoeStats
← [KMNB] Bandeira

Hill Fort

505638229Analyzed
3v3 RM · 23d ago on Sep 10, 2026· 50m 41s· 6 players
Game mode
Random Map
Map size
Normal (6 player)
Population
200
Speed
Normal
Resources
Standard
Victory
Conquest
Starting age
Dark Age
Ending age
Imperial Age
RankedLock teamsTeams togetherTeam positionsShared explorationLock speedFull tech treeHidden civsTurbo modeCheats
Victory
Defeat
🇩🇪 Mapuche · Germany
1815
+6
🇩🇪 Cumans · Germany
1718
+9
🇨🇭 Berbers · Switzerland
1638
+11
🇧🇷 Ethiopians · Brazil
1572
-9
🇧🇷 Persians · Brazil
1563
-9
🇧🇷 Saracens · Brazil
1540
-8
Brudiiii
8:12 Feudal Age
8:41 Double-Bit Axe
8:56 Double-Bit Axe
14:20 Horse Collar
17:40 Loom
20:26 Castle Age
19:09 Bloodlines
18:53 Gold Mining
19:35 Scale Barding Armor
20:54 Wheelbarrow
21:27 Chain Barding Armor
21:35 Bow Saw
22:04 Heavy Plow
25:03 Forging
25:58 Gold Shaft Mining
28:16 Iron Casting
30:37 Stone Mining
32:26 Capped Ram
36:26 Imperial Age
35:33 Light Cavalry
36:51 Hand Cart
36:32 Siege Ram
38:05 Plate Barding Armor
37:30 Cavalier
39:34 Coinage
38:35 Hussar
40:05 Caravan
40:57 Paladin
49:20 Town Watch
50:01 Spies/Treason
G1NCo
10:58 Feudal Age
16:22 Castle Age
15:12 Double-Bit Axe
16:05 Horse Collar
17:39 Fletching
22:36 Bodkin Arrow
23:45 Town Watch
25:20 Wheelbarrow
24:59 Padded Archer Armor
26:06 Ballistics
27:02 Bloodlines
27:22 Leather Archer Armor
27:58 Husbandry
28:51 Stone Mining
30:40 Heavy Plow
32:06 Hand Cart
31:38 Loom
32:38 Bow Saw
36:42 Imperial Age
35:40 Kasbah
36:29 Gold Mining
37:26 Bracer
38:27 Chemistry
38:31 Ring Archer Armor
38:34 Conscription
38:23 Elite Camel Archer
40:18 Crop Rotation
40:39 Maghrebi Camels
46:46 Caravan
48:19 Siege Engineers
LM | kingofthrowing123
8:02 Loom
10:34 Feudal Age
14:39 Castle Age
13:26 Double-Bit Axe
13:40 Horse Collar
21:12 Bow Saw
24:09 Fletching
25:21 Wheelbarrow
27:28 Bodkin Arrow
28:06 Padded Archer Armor
31:34 Malon
31:55 Town Watch
33:09 Leather Archer Armor
36:11 Heavy Plow
38:53 Imperial Age
37:07 Hand Cart
37:56 Gold Mining
39:33 Elite Bolas Rider
41:23 Chemistry
41:11 Ring Archer Armor
42:13 Scale Mail Armor
42:38 Ballistics
43:23 Gold Shaft Mining
43:01 Butalmapu
43:26 Conscription
43:44 Masonry
44:15 Hoardings
44:32 Caravan
47:19 Siege Engineers
48:54 Town Patrol
49:47 Spies/Treason
[KMNB] Dedão
10:06 Feudal Age
11:17 Loom
15:33 Castle Age
13:43 Double-Bit Axe
13:41 Horse Collar
14:27 Gold Mining
20:46 Bow Saw
22:00 Heavy Plow
23:31 Scale Barding Armor
24:24 Forging
25:15 Husbandry
26:38 Wheelbarrow
26:24 Town Watch
29:04 Hand Cart
29:44 Chain Barding Armor
32:23 Iron Casting
31:39 Fletching
32:45 Bloodlines
33:18 Stone Mining
36:25 Imperial Age
34:25 Light Cavalry
35:48 Gold Shaft Mining
37:34 Ballistics
38:15 Conscription
38:42 Plate Barding Armor
39:08 Blast Furnace
[KMNB] Bandeira
9:53 Feudal Age
10:42 Double-Bit Axe
11:14 Horse Collar
11:34 Loom
18:25 Castle Age
16:36 Gold Mining
17:27 Bloodlines
18:11 Forging
18:32 Scale Barding Armor
20:30 Husbandry
22:51 Chain Barding Armor
25:41 Wheelbarrow
34:34 Iron Casting
34:52 Stone Mining
39:35 Imperial Age
39:18 Heavy Camel Rider
40:47 Plate Barding Armor
41:13 Blast Furnace
Fs.Khronos
2:04 Loom
9:05 Feudal Age
9:36 Loom
11:14 Fletching
11:10 Double-Bit Axe
22:25 Castle Age
20:25 Horse Collar
21:11 Gold Mining
23:19 Bow Saw
22:31 Crossbowman
23:07 Bodkin Arrow
23:59 Wheelbarrow
25:45 Heavy Plow
27:13 Ballistics
28:11 Padded Archer Armor
28:30 Thumb Ring
29:53 Leather Archer Armor
34:31 Gold Shaft Mining
33:47 Stone Mining
38:59 Imperial Age
37:50 Hand Cart
37:21 Town Watch
39:00 Arbalester
39:42 Bracer
41:08 Chemistry
46:04 Masonry
47:17 Architecture
46:49 Murder Holes
49:00 Architecture
49:41 Murder Holes
Connection lost

Rejoining the realm…

Still unreachable

The connection could not be restored.

Session expired

The server has moved on; the page needs a fresh start.